 Dungeon Crawl Stone Soup version 0.29.1-15-g9cfb28693d (webtiles) character file.

Game seed: 10810318287530498396

360 Labrat the Digger (level 7, 4/50 HPs)
             Began as a Meteoran Earth Elementalist on Aug 27, 2023.
             Quit the game on level 5 of the Dungeon.
             The game lasted 00:12:56 (1187 turns).

Labrat the Digger (Meteoran Earth Elementalist)     Turns: 1187, Time: 00:12:57

Health: 4/50       AC:  2    Str: 10    XL:     7   Next: 19%
Magic:  12/16      EV: 12    Int: 19    God:
Gold:   151        SH:  0    Dex: 14    Spells: 11/17 levels left

rFire   . . .      SeeInvis .   (no weapon)
rCold   . . .      Faith    .   (no shield)
rNeg    . . .      Spirit   .   a - +0 robe
rPois   .          Reflect  .   (no helmet)
rElec   .          Harm     .   (no cloak)
rCorr   .          Rampage  .   (no gloves)
Will    .....                   (no boots)
Stlth   +.........              (no amulet)
HPRegen 0.16/turn               (no ring)
MPRegen 0.15/turn               (no ring)

@: glowing
A: sense surroundings 1, otherworldly, glowing, explore regen
a: no special abilities


You were on level 5 of the Dungeon.
You visited 1 branch of the dungeon, and saw 5 of its levels.
You also visited: Sewer.

You collected 151 gold pieces.

Inventory:

Missiles
 m - 8 poisoned darts
Armour
 a - a +0 robe (worn)
 n - a +0 cloak
Wands
 k - a wand of paralysis (5)
Scrolls
 e - a scroll of poison
 g - a scroll of identify
 i - a scroll of vulnerability {unknown}
 j - a scroll of magic mapping {unknown}
 l - a scroll of enchant weapon {unknown}
Potions
 b - a potion of magic
 c - 3 potions of curing {unknown}
 d - a potion of might {unknown}
 f - a potion of cancellation {unknown}
 h - a potion of flight {unknown}


   Skills:
 - Level 2.4 Dodging
 - Level 1.4 Stealth
 + Level 5.6 Spellcasting
 - Level 4.0 Transmutations
 - Level 6.0 Earth Magic


You had 11 spell levels left.
You knew the following spells:

 Your Spells              Type           Power      Damage    Failure   Level
a - Sandblast             Erth           56%        2d13      1%          1
b - Passwall              Tmut/Erth      20%        N/A       2%          2
c - Stone Arrow           Conj/Erth      32%        3d9       11%         3

Your spell library contained the following spells:

 Spells                   Type           Power      Damage    Failure   Level
 Petrify                  Tmut/Erth      24%        N/A       16%         4


Dungeon Overview and Level Annotations

Branches:
Dungeon (5/15) Zot: 1897    Sewer (visited)
 Temple: D:4-7

Altars:


Innate Abilities, Weirdness & Mutations

You passively map a small area around you.
You are easily found by Zot.
You glow in the dark.
You regain HP and MP as you explore.


Message History

Things that are here:
a +5 war axe; a +0 robe
Casting: Sandblast (safe; 1% risk of failure)
Confirm with . or Enter, or press ? or * to list all spells.
Aiming: Sandblast (safe; 1% risk of failure)
Press: ? - help, Shift-Dir - straight line, f - iguana
Aim: an iguana (85% to hit)
The blast of sand hits the iguana.
The iguana is moderately wounded.
Casting: Sandblast (safe; 1% risk of failure)
Confirm with . or Enter, or press ? or * to list all spells.
Aiming: Sandblast (safe; 1% risk of failure)
Press: ? - help, Shift-Dir - straight line, f/p - iguana
Aim: an iguana (moderately wounded, 85% to hit)
The blast of sand hits the iguana but does no damage.
The iguana is moderately wounded.
Casting: Sandblast (safe; 1% risk of failure)
Confirm with . or Enter, or press ? or * to list all spells.
Aiming: Sandblast (safe; 1% risk of failure)
Press: ? - help, Shift-Dir - straight line, f/p - iguana
Aim: an iguana (moderately wounded, 85% to hit)
The blast of sand hits the iguana but does no damage.
The iguana is moderately wounded.
The iguana barely misses you. The wight misses you.
Unknown command.
Casting: Sandblast (safe; 1% risk of failure)
Confirm with . or Enter, or press ? or * to list all spells.
You don't know that spell.
The wight attacks as you move away! The wight completely misses you.
The wight attacks as you move away! The wight hits you with a +0 scimitar!
The iguana bites you!
As you read the scroll labelled SAUFIEKL LINANI, it crumbles to dust.
It is a scroll of identify.
e - a scroll of poison The iguana bites you!
* * * LOW HITPOINT WARNING * * *
The wight hits you with a +0 scimitar.
* * * LOW HITPOINT WARNING * * *
Okay, then.
Are you sure you want to abandon this character and quit the game? (Confirm with "yes".)

, , .##......, ,
, ** .........
........ ,
,.<......# , #
#* .. ..##....#
*.#..* ...
#......#**.....
...#..#..l##...#
. #.##.#..@z.z.#
,*
..#.......zz...#
*
............#..#
.#........#..#
#.#.<.>..# .# #
#........## ,
...###....# ,
..#.. ....## ,
..# ### ......


You could see an iguana and 4 wights.

Vanquished Creatures
  Pargi (Sewer)
  A wight (D:5)
  Crazy Yiuf (D:2)
  An orc priest (D:3)
  An orc wizard (D:3)
  5 adders
  A river rat (D:3)
  A white imp (D:5)
  2 worms
  A dart slug (D:1)
  4 orcs
  5 ball pythons
  A bat (D:1)
  4 endoplasms
  4 giant cockroaches
  3 goblins
  9 hobgoblins
  4 quokkas
  3 frilled lizards
  11 kobolds
  3 rats
66 creatures vanquished.

Notes
Turn   | Place    | Note
-------+----------+-------------------------------------------
     0 | D:1      | Labrat the Meteoran Earth Elementalist began the quest for
                  | the Orb.
     0 | D:1      | Reached XP level 1. HP: 14/14 MP: 5/5
   248 | D:1      | Reached XP level 2. HP: 18/20 MP: 2/6
   340 | D:1      | Reached skill level 4 in Earth Magic
   344 | D:1      | Reached XP level 3. HP: 26/26 MP: 1/8
   461 | D:1      | Found a faded altar of an unknown god.
   601 | D:2      | Reached XP level 4. HP: 33/33 MP: 8/10
   772 | D:3      | Learned a level 2 spell: Passwall
   775 | D:3      | Found a glowing drain.
   781 | D:3      | Reached XP level 5. HP: 11/38 MP: 4/11
   789 | Sewer    | Entered a sewer
   828 | Sewer    | Noticed Pargi
   832 | Sewer    | HP: 1/38 [Pargi (3)]
   833 | Sewer    | Killed Pargi
   834 | Sewer    | Reached skill level 5 in Earth Magic
   834 | Sewer    | Reached XP level 6. HP: 1/45 MP: 8/13
   838 | Sewer    | Learned a level 3 spell: Stone Arrow
  1020 | D:3      | HP: 2/45 [orc wizard/puff of flame (7)]
  1025 | D:3      | Reached skill level 5 in Spellcasting
  1087 | D:2      | Found a runed translucent door.
  1088 | D:2      | Noticed Crazy Yiuf
  1093 | D:2      | Killed Crazy Yiuf
  1173 | D:5      | Entered Level 5 of the Dungeon
  1176 | D:5      | Reached XP level 7. HP: 36/49 MP: 12/15
  1178 | D:5      | Reached skill level 6 in Earth Magic
  1187 | D:5      | Quit the game

Illustrated notes

Levels and vault maps discovered:
D:1:      kennysheep_arrival_seaside, layout_basic,
          shapermc_ecumenical_altar_petra
D:2:      layout_rooms, wad_floor_pattern_untrapped, minmay_puff,
          uniq_crazy_yiuf_cottage
D:3:      layout_loops_ring, gup_sewer_entry_bubbles, grunt_decor_junction
D:4:      layout_basic, uniq_ijyb
D:5:      layout_cave_pools, general_overflow_altar, minitemple,
          kennysheep_generic_room_7

Skill      XL: |  1  2  3  4  5  6  7 |
---------------+----------------------+-----
Spellcasting   | 3 4 5 |  5.6
Earth Magic    | 4 5 6 |  6.0
Transmutations | 2 3 4 |  4.0
Dodging        | |  2.4
Stealth        | |  1.4

Action                   |  1- 3 |  4- 6 |  7- 9 || total
-------------------------+-------+-------+-------++-------
Melee: Unarmed           |       |     5 |       ||     5
 Cast: Sandblast         |    36 |    61 |     5 ||   102
       Passwall          |       |     2 |       ||     2
       Stone Arrow       |       |     1 |       ||     1
Evoke: Wand              |       |     1 |       ||     1
  Use: Scroll            |       |       |     1 ||     1
Armor: Robe              |     5 |     4 |       ||     9
Dodge: Dodged            |     3 |    26 |     3 ||    32
